 Dungeon Crawl Stone Soup version 0.18-a0-902-g8738618 (webtiles) character file.

68 Jmtri7 the Bolt Thrower (level 4, 0/26 HPs)
             Began as a Kobold Hunter on Dec 25, 2015.
             Was an Initiate of Okawaru.
             Slain by a bat (1 damage)
             ... on level 3 of the Dungeon.
             The game lasted 00:09:10 (1253 turns).

Jmtri7 the Bolt Thrower (Kobold Hunter)             Turns: 1253, Time: 00:09:10

Health: 0/26       AC:  3    Str: 10    XL:     4   Next: 41%
Magic:  4/4        EV: 15    Int:  9    God:    Okawaru [......]
Gold:   84         SH:  0    Dex: 17    Spells: 0 memorised, 3 levels left

rFire  . . .     SeeInvis .     e - -3 dagger (curse)
rCold  . . .     Gourm    .     c - +0 leather armour
rNeg   . . .     Faith    .     (shield restricted)
rPois  .         Spirit   .     (no helmet)
rElec  .         Dismiss  .     (no cloak)
rCorr  .         Reflect  .     (no gloves)
SustAt .         Harm     .     (no boots)
MR     .....                    (no amulet)
Stlth  +.........               (no ring)
                                (no ring)

@: glowing, not resistant to hostile enchantments, very unstealthy
A: carnivore 3
a: Renounce Religion


You were on level 3 of the Dungeon.
You worshipped Okawaru.
Okawaru was noncommittal.
You were hungry.

You visited 1 branch of the dungeon, and saw 3 of its levels.

You collected 84 gold pieces.

Inventory:

Hand Weapons
 a - a +1 hand crossbow
 b - a +0 short sword
 e - a cursed -3 dagger (weapon)
Missiles
 d - 6 bolts
Armour
 c - a +0 leather armour (worn)
Scrolls
 i - a scroll of recharging
Potions
 g - 3 potions of curing {unknown}
 h - 2 potions of degeneration {unknown}
 l - a potion of mutation {unknown}
Comestibles
 f - a meat ration


   Skills:
 - Level 2.1 Fighting
 + Level 5.8 Crossbows
 - Level 2.4 Dodging
 + Level 4.1 Stealth


You had 3 spell levels left.
You didn't know any spells.

Dungeon Overview and Level Annotations

Branches:
Dungeon (3/15)

Altars:
Dithmenos
Gozag
Okawaru
Ru
The Shining One


Innate Abilities, Weirdness & Mutations

You are small and have problems with some larger weapons.
You are carnivorous and can eat meat at any time.


Message History

Okawaru says: Bring me glory in combat!
Press ? for a list of commands and other information.
Really walk into that cloud of blessed fire? [Y]es or [N]o only, please.
Really walk into that cloud of blessed fire? [Y]es or [N]o only, please.
Really walk into that cloud of blessed fire? [Y]es or [N]o only, please.
Really walk into that cloud of blessed fire?
Okay, then.
You hit the bat.
The bat is moderately wounded.
The bat hits you but does no damage. x4
The adder closely misses you.
You hit the adder but do no damage. The bat hits you but does no damage.
The bat closely misses you. The bat hits you but does no damage.
The adder bites you.
* * * LOW HITPOINT WARNING * * *
The bat hits you.
You die...

.###.#.#.#.#
#.....###
####o###
#S...# #o##.#
##.####
##########...#
###§b§s§.#...#
#A#@Sog..'...+
###§b§S§.#...#
##########...#
##.## ..# .##


You could see an angel, 2 adders, an orc, a giant cockroach, a hobgoblin and 2
bats.

Vanquished Creatures
  2 adders
  An ooze (D:1)
  2 giant geckos
  4 orcs (D:3)
  3 giant cockroaches
  5 goblins
  4 hobgoblins
  7 kobolds
  A ball python (D:2)
  4 bats
  3 giant newts
  4 rats
40 creatures vanquished.

Notes
Turn   | Place    | Note
--------------------------------------------------------------
     0 | D:1      | Jmtri7 the Kobold Hunter began the quest for the Orb.
     0 | D:1      | Reached XP level 1. HP: 12/12 MP: 1/1
    61 | D:1      | Reached skill level 5 in Crossbows
    64 | D:1      | Reached XP level 2. HP: 17/17 MP: 2/2
   272 | D:2      | Reached XP level 3. HP: 21/21 MP: 3/3
   646 | D:2      | HP: 1/21 [giant gecko (3)]
  1027 | D:3      | Reached XP level 4. HP: 23/26 MP: 4/4
  1056 | D:3      | Found an iron altar of Okawaru.
  1057 | D:3      | Found a shadowy altar of Dithmenos.
  1060 | D:3      | Found a sacrificial altar of Ru.
  1060 | D:3      | Found an opulent altar of Gozag.
  1081 | D:3      | Became a worshipper of Warmaster Okawaru
  1238 | D:3      | Found a glowing golden altar of the Shining One.
  1240 | D:3      | Noticed an angel
  1247 | D:3      | HP: 1/26 [giant gecko (1)]
  1253 | D:3      | HP: 1/26 [adder (1)]
  1253 | D:3      | Slain by a bat

Vault maps used:
D:1:      matt_arrival_refuge
D:2:      minivault_11, kennysheep_minor_cross, okawaru_trees_1
D:3:      grunt_temple_overflow_holy_war, grunt_temple_overflow_open,
          first_bread, st_stairs_11, wad_orctagon

Action                   |  1- 3 |  4- 6 || total
-------------------------+-------+-------++-------
Melee: Short sword       |     1 |       ||     1
       Dagger            |       |    22 ||    22
 Fire: Hand crossbow     |    81 |    23 ||   104
  Use: Scroll            |       |     4 ||     4
